 Dungeon Crawl Stone Soup version 0.24-a0-335-g06ca16a (webtiles) character file.

Game seed: 15270360545109350318

525 sking99 the Cleaver (level 7, -2/60 HPs)
             Began as a Hill Orc Fighter on May 19, 2019.
             Slain by an ogre
             ... wielding a +0 giant club
              (20 damage)
             ... on level 5 of the Dungeon.
             The game lasted 00:08:51 (3790 turns).

sking99 the Cleaver (Hill Orc Fighter)              Turns: 3790, Time: 00:08:52

Health: -2/60      AC: 13    Str: 21    XL:     7   Next: 23%
Magic:  7/7        EV:  5    Int:  8    God:
Gold:   178        SH: 10    Dex: 10    Spells: 6/6 levels left

rFire    . . .     SeeInvis .   a - +1 war axe
rCold    . . .     Gourm    .   c - +0 shield
rNeg     . . .     Faith    .   r - +0 chain mail
rPois    .         Spirit   .   h - +0 helmet
rElec    .         Reflect  .   p - +0 cloak
rCorr    .         Harm     .   g - +0 pair of gloves
MR       .....                  i - +0 pair of boots
Stlth    ..........             (no amulet)
HPRegen  0.20/turn              (no ring)
MPRegen  0.10/turn              (no ring)

@: no status effects
A: no striking features
a: no special abilities


You were on level 5 of the Dungeon.
You were not hungry.

You visited 1 branch of the dungeon, and saw 5 of its levels.

You collected 178 gold pieces.

Inventory:

Hand Weapons
 a - a +1 war axe (weapon)
Armour
 c - a +0 shield (worn)
 g - a +0 pair of gloves (worn)
 h - a +0 helmet (worn)
 i - a +0 pair of boots (worn)
 p - a +0 cloak (worn)
 r - a +0 chain mail (worn)
Jewellery
 k - a cursed amulet of inaccuracy {unknown}
 m - the ring of Shadows {Umbra +Inv Stlth+}
   (You took it off an orc priest on level 4 of the Dungeon)

   [ring of stealth]

   It lets you turn invisible.
   It makes you more stealthy.
 w - a cursed ring of attention {unknown}
Wands
 v - a wand of paralysis (4)
Scrolls
 b - a scroll of blinking
 j - 4 scrolls of teleportation
 l - a scroll of identify
Potions
 d - 2 potions of might
 e - 3 potions of magic
 n - a potion of cancellation {unknown}
 o - 2 potions of curing
 q - 5 potions of flight
 s - 2 potions of haste
Comestibles
 f - 5 rations
 t - a chunk of flesh


   Skills:
 + Level 4.4 Fighting
 * Level 8.1 Axes
 - Level 3.2 Armour
 + Level 5.5 Shields


You had 6 spell levels left.
You didn't know any spells.
Your spell library was empty.

Dungeon Overview and Level Annotations

Branches:
Dungeon (5/15)
 Temple: D:4-7

Altars:
Cheibriados
Nemelex Xobeh
Sif Muna

Shops:
D:4 %


Message History

The ogre hits you with a +0 giant club!
You slash the ogre!
The ogre is moderately wounded.
The ogre hits you with a +0 giant club!
You slash the ogre!
The ogre is severely wounded.
The howler monkey hoots and howls with incredible vigour!
The ogre hits you with a +0 giant club!
* * * LOW HITPOINT WARNING * * *
You hear a shout! x3
You barely miss the ogre.
The ogre is severely wounded.
The ogre hits you but does no damage.
You closely miss the ogre.
The ogre is severely wounded.
You block the ogre's attack.
Your shield and chain mail prevent you from hitting the ogre.
The ogre is severely wounded.
The ogre hits you with a +0 giant club!!
You die...

#.# #..........
#.# #..........
#.######..........
#.................
#.######..........
#.................
#..#####..........
#....# #..........
#@##..###########
#O###.# #oo.#...
###Y# ### #o# #)#
#o#### #Yh..#
##o.....#


You could see an ice beast, an ogre and 3 orcs.

Vanquished Creatures
  An ice beast (D:4)
  A phantom (D:4)
  An orc priest (D:4)
  2 hounds (D:4)
  A gnoll shaman (D:4)
  An orc wizard (D:5)
  5 adders
  8 gnolls
  5 worms
  A leopard gecko (D:3)
  8 orcs (D:4)
  5 giant cockroaches
  8 goblins
  3 hobgoblins
  8 kobolds
  2 quokkas
  11 bats
  3 frilled lizards (D:2)
  A leopard gecko skeleton (D:4)
  6 rats
81 creatures vanquished.

Notes
Turn   | Place    | Note
-------+----------+-------------------------------------------
     0 | D:1      | sking99 the Hill Orc Fighter began the quest for the Orb.
     0 | D:1      | Reached XP level 1. HP: 19/19 MP: 1/1
    37 | D:1      | Reached skill level 3 in Axes
   169 | D:1      | Reached XP level 2. HP: 26/26 MP: 2/2
   668 | D:2      | Reached skill level 4 in Axes
   670 | D:2      | Reached XP level 3. HP: 31/31 MP: 3/3
  1214 | D:3      | Reached XP level 4. HP: 37/39 MP: 4/4
  1291 | D:3      | Reached skill level 5 in Axes
  2018 | D:4      | Found Xekheuli's Food Boutique.
  2179 | D:4      | Reached XP level 5. HP: 36/45 MP: 5/5
  2237 | D:4      | Reached skill level 6 in Axes
  2349 | D:4      | Noticed a phantom
  2388 | D:4      | Killed a phantom
  2388 | D:4      | Reached XP level 6. HP: 31/51 MP: 6/6
  2616 | D:4      | Reached skill level 7 in Axes
  2616 | D:4      | Reached skill level 5 in Shields
  3150 | D:4      | Noticed an ice beast
  3347 | D:4      | Killed an ice beast
  3347 | D:4      | Reached XP level 7. HP: 37/59 MP: 7/7
  3624 | D:5      | Entered Level 5 of the Dungeon
  3676 | D:5      | Found a snail-covered altar of Cheibriados.
  3688 | D:5      | Found a sparkling altar of Nemelex Xobeh.
  3712 | D:5      | Found a deep blue altar of Sif Muna.
  3774 | D:5      | Reached skill level 8 in Axes
  3790 | D:5      | Slain by an ogre

Levels and vault maps discovered:
D:1:      minmay_arrival_shattered_statue, layout_rooms, dk_noncrumbling_2,
          lemuel_another_geyser
D:2:      layout_loops_ring, minivault_14, minmay_cupped
D:3:      layout_loops_ring, first_ration, dk_noncrumbling_4,
          corexii_hall_statues_x
D:4:      layout_basic, serial_shops, shop_statue
D:5:      layout_rooms, lemuel_crystal_altar, amethyst_overflow_temple_binary,
          minmay_temple_entry_nine_rooms

Skill      XL: |  1  2  3  4  5  6  7 |
---------------+----------------------+-----
Axes           | 3 4 5 6 7 8 |  8.1
Shields        | 4 5 |  5.5
Fighting       | 4 |  4.4
Armour         | |  3.2

Action                   |  1- 3 |  4- 6 |  7- 9 || total
-------------------------+-------+-------+-------++-------
Melee: War axe           |   118 |   149 |    39 ||   306
  Use: Scroll            |       |    10 |       ||    10
  Eat: Chunk             |     1 |     4 |     1 ||     6
       Ration            |       |     1 |       ||     1
Armor: Scale mail        |    77 |    52 |       ||   129
       Chain mail        |       |     9 |    22 ||    31
Dodge: Dodged            |    42 |    37 |     4 ||    83
Block: Shield            |    62 |    75 |    19 ||   156

Table legend:
 A = Non-vault XP
 B = Vault XP
 C = Vault XP percentage of total XP
 D = Non-vault monster count
 E = Vault monster count
 F = Vault count percentage of total count
                 A         B        C        D         E       F
            +---------+---------+-------+---------+---------+-------
      Total |     744 |       7 |   0.9 |      78 |       3 |   3.7
            +---------+---------+-------+---------+---------+-------
        D:1 |      17 |       0 |   0.0 |      10 |       0 |   0.0
        D:2 |      41 |       7 |  14.6 |      23 |       3 |  11.5
        D:3 |      66 |       0 |   0.0 |      17 |       0 |   0.0
        D:4 |     513 |       0 |   0.0 |      21 |       0 |   0.0
        D:5 |     107 |       0 |   0.0 |       7 |       0 |   0.0
            +---------+---------+-------+---------+---------+-------
